 Dungeon Crawl Stone Soup version 0.23-a0-329-g6f3f904 (webtiles) character file.

34031 namelastname112 the Agent of Entropy (level 13, -1/114 HPs)
             Began as a Red Draconian Wanderer on Oct 16, 2018.
             Was a Priest of Lugonu.
             Slain by a two-headed ogre
             ... wielding a +0 giant club
              (33 damage)
             ... on level 15 of the Dungeon.
             The game lasted 00:33:39 (19590 turns).

namelastname112 the Agent of Entropy (DrWn)        Turns: 19590, Time: 00:33:40

Health: -1/114     AC: 14    Str: 14    XL:     13   Next: 40%
Magic:  23/23      EV: 18    Int: 14    God:    Lugonu [***...]
Gold:   567        SH:  5    Dex: 15    Spells: 12/12 levels left

rFire    + + .     SeeInvis .   s - +0 scimitar
rCold    . . .     Gourm    .   k - +0 buckler
rNeg     . . .     Faith    .   (armour unavailable)
rPois    +         Spirit   .   (helmet restricted)
rElec    .         Reflect  .   G - +2 cloak {rPois}
rCorr    .         Harm     +   u - +0 pair of gloves
MR       .....                  t - +1 pair of boots
Stlth    ++........             l - amulet of harm
HPRegen  0.29/turn              m - ring of protection from fire
MPRegen  0.18/turn              (no ring)

@: no status effects
A: breathe fire, unfitting armour, fire resistance 1, cold-blooded, AC +8
a: Breathe Fire, Depart the Abyss, Bend Space, Banish, Renounce Religion


You were on level 15 of the Dungeon.
You worshipped Lugonu.
Lugonu was most pleased with you.
You were not hungry.

You visited 1 branch of the dungeon, and saw 15 of its levels.
You visited the Abyss 1 time.

You collected 943 gold pieces.
You spent 376 gold pieces at shops.

Inventory:

Hand Weapons
 s - a +0 scimitar (weapon)
 A - a +2 falchion of slicing
Missiles
 I - 2 throwing nets (quivered)
Armour
 k - a +0 buckler (worn)
 t - a +1 pair of boots (worn)
 u - a +0 pair of gloves (worn)
 G - a +2 cloak of poison resistance (worn)
Jewellery
 f - an uncursed ring of ice
 l - an amulet of harm (around neck)
 m - a ring of protection from fire (left hand)
 r - an uncursed ring of wizardry
 K - a +5 amulet of reflection
Wands
 v - a wand of enslavement (13)
 x - a wand of acid (5)
 y - a wand of scattershot (12)
 z - a wand of random effects (68)
 B - a wand of polymorph (47)
 C - a wand of iceblast (16)
 J - a wand of digging (15)
 M - a wand of disintegration (23)
Scrolls
 a - 2 scrolls of blinking
 b - 8 scrolls of teleportation
 e - 2 scrolls of enchant armour
 i - 3 scrolls of immolation
 n - 3 scrolls of remove curse
 o - a scroll of amnesia
 F - a scroll of enchant weapon
 H - 6 scrolls of identify
 O - a scroll of summoning {unknown}
 P - a scroll of magic mapping
Potions
 g - 3 potions of curing
 h - a potion of lignification
 j - 2 potions of cancellation
 p - 6 potions of brilliance
 q - 2 potions of haste
 w - a potion of might
 E - 4 potions of flight {unknown}
 L - 3 potions of invisibility
 N - a potion of degeneration {unknown}
Miscellaneous
 D - a lightning rod (2/4)
Comestibles
 d - 8 rations


   Skills:
 + Level 10.4 Fighting
 * Level 13.3 Long Blades
 + Level 8.9 Dodging
 - Level 1.0 Stealth
 - Level 4.0 Shields
 - Level 1.0 Unarmed Combat
 * Level 13.8 Invocations
 - Level 1.0 Evocations


You had 12 spell levels left.
You didn't know any spells.
Your spell library contained the following spells:

 Spells                   Type           Power        Failure   Level  Hunger
 Summon Small Mammal      Summ           #...         28%         1    ##.....
 Call Imp                 Summ           #.......     41%         2    ###....
 Call Canine Familiar     Summ           #.......     65%         3    ####...
 Summon Guardian Golem    Hex/Summ       #.......     65%         3    ####...
 Summon Ice Beast         Ice/Summ       #.......     96%         4    #####..
 Summon Lightning Spire   Summ/Air       #.......     96%         4    #####..


Dungeon Overview and Level Annotations

Branches:
Dungeon (15/15)            Temple (0/1) D:6            Lair (0/6) D:8
    Orc (0/2) D:12         Vaults (0/5) D:14
 Depths: D:15

Altars:
Dithmenos
Elyvilon
Gozag
Hepliaklqana
Kikubaaqudgha
Qazlal
Vehumet
Wu Jian
Zin
The Shining One
Lugonu

Shops:
D:6 *   D:9 ::   D:13 *

Annotations:
D:15 Rupert
Abyss:1 Nessos


Innate Abilities, Weirdness & Mutations

You can breathe blasts of fire.
Your fiery red scales are hard. (AC +8)
You cannot fit into any form of body armour.
Your flesh is heat resistant. (rF+)
You are cold-blooded and may be slowed by cold attacks.


Message History

The acid corrodes the ogre!
The ogre is almost dead.
The two-headed ogre misses you. x2
Evoke which item? (* to show all) (? for menu, Esc to quit)
Aiming: Thunderbolt
Press: ? - help, Shift-Dir - straight line, f/p - two-headed ogre
Aim: a two-headed ogre, wielding two +0 giant clubs (severely wounded, covered The thunderbolt hits the two-headed ogre.
The two-headed ogre is almost dead.
The thunderbolt hits the ogre.
You kill the ogre!
Lugonu accepts your kill.
The thunderbolt hits the ogre.
You kill the ogre!
Lugonu accepts your kill.
You hear two shouts!
You hear a shout! x4
The two-headed ogre hits you with a +0 giant club!
* * * LOW HITPOINT WARNING * * *
The two-headed ogre hits you with a +0 giant club!!
You die...

..............#####
..............# #[#
..............#
#.###
###########...#
#...# #...# #...#
###.# #...# #.#
#...# #.######...#
#...@O))...#
#.#####....# #.#
#....# #.# #....#
#.# #....### #.#
#O.....# #'##.#
#O.....# .....
#O.##### ..... #..#


You could see a two-headed ogre.

Vanquished Creatures
  An ogre mage (D:14)
  Harold (D:7)
  A rakshasa (D:14)
  4 two-headed ogres
  A tengu warrior (D:14)
  A wizard (D:15)
  Pikel (D:3)
  An orc sorcerer (D:15)
  7 ugly things
  2 cyclopes
  3 slime creatures (D:12)
  A black mamba (shapeshifter) (D:15)
  Psyche (D:8)
  4 gargoyles
  A komodo dragon (D:8)
  A tengu conjurer (D:14)
  4 trolls
  Grinder (D:4)
  5 hippogriffs
  2 hornets
  Sigmund (D:5)
  17 yaks
  Grum (D:10)
  A basilisk (D:13)
  3 hungry ghosts
  Menkaure (D:7)
  Edmund (D:5)
  2 soldier ants (D:12)
  An acid dragon (D:8)
  9 orc warriors
  5 sky beasts
  2 black bears
  2 ice beasts
  An eye of draining (D:12)
  4 phantoms
  9 ogres
  2 wolves (D:10)
  8 centaurs
  5 crocodiles (D:8)
  A big kobold (shapeshifter) (D:14)
  A big kobold (D:12)
  Blork the orc (D:6)
  8 bullfrogs
  A water moccasin zombie (D:10)
  3 scorpions
  A wyvern skeleton (D:6)
  6 killer bees (D:12)
  10 wights
  8 crimson imps
  A howler monkey (D:6)
  A bullfrog zombie (D:12)
  3 centaur zombies
  5 hounds
  5 jellies
  7 orc priests
  4 centaur skeletons
  7 orc wizards
  A gnoll shaman (D:6)
  Crazy Yiuf (D:5)
  6 bullfrog skeletons
  4 iguanas
  An iron imp (D:9)
  7 worker ants
  A hound zombie (D:8)
  A worker ant zombie (D:10)
  16 gnolls
  11 adders
  3 shadow imps
  An adder skeleton (D:5)
  2 adder zombies (D:9)
  2 worms
  A dart slug (D:2)
  4 leopard geckos
  72 orcs
  5 ball pythons
  A bat zombie (D:7)
  6 giant cockroaches
  6 goblins
  4 hobgoblins
  11 jackals
  17 kobolds
  4 quokkas
  8 bats
  5 frilled lizards
  3 hobgoblin zombies (D:9)
  A jackal skeleton (D:5)
  2 kobold zombies (D:9)
  An orc skeleton (D:9)
  An orc zombie (D:9)
  2 quokka skeletons
  9 rats
  A fungus (D:5)
412 creatures vanquished.

Vanquished Creatures (others)
  An ettin (D:15)
  2 hydras
  A centaur warrior (D:13)
  3 two-headed ogres
  An ogre mage (D:15)
  3 unseen horrors
  A necromancer (D:14)
  An ugly thing (D:11)
  A manticore (D:15)
  2 slime creatures (D:12)
  A cyclops (D:11)
  A shadow (D:11)
  An orc priest (D:7)
  An adder (D:9)
  A leopard gecko (D:4)
21 creatures vanquished.

Grand Total: 433 creatures vanquished

Notes
Turn   | Place    | Note
-------+----------+-------------------------------------------
     0 | D:1      | namelastname112 the Draconian Wanderer began the quest for
                  | the Orb.
     0 | D:1      | namelastname112 set off with: a +0 shield, a scroll of
                  | teleportation, a +0 falchion, a ration
     0 | D:1      | Reached XP level 1. HP: 16/16 MP: 1/1
   135 | D:1      | Reached XP level 2. HP: 23/23 MP: 2/2
   923 | D:2      | Found a faded altar of an unknown god.
   968 | D:2      | Reached XP level 3. HP: 19/29 MP: 3/3
  1001 | D:2      | Became a worshipper of Lugonu the Unformed
  1001 | D:2      | Reached * piety under Lugonu
  1001 | D:2      | Reached ** piety under Lugonu
  1108 | D:2      | Found a hazy altar of Hepliaklqana.
  1225 | D:2      | Found a radiant altar of Vehumet.
  1517 | D:3      | Reached XP level 4. HP: 27/36 MP: 4/4
  1538 | D:2      | Reached skill level 1 in Invocations
  2186 | D:3      | Reached XP level 5. HP: 33/42 MP: 6/6
  2420 | D:3      | Reached *** piety under Lugonu
  2909 | D:4      | Noticed Pikel
  2909 | D:4      | Noticed a slave
  2909 | D:4      | Noticed a slave
  2909 | D:4      | Noticed a slave
  2909 | D:4      | Noticed a slave
  2939 | D:4      | Reached XP level 6. HP: 17/51 MP: 7/7
  3008 | D:3      | Killed Pikel
  3008 | D:3      | Reached skill level 5 in Long Blades
  3008 | D:3      | Your scales start taking on a fiery red colour.
  3008 | D:3      | Reached XP level 7. HP: 18/58 MP: 6/10
  3008 | D:3      | Gained mutation: Your flesh is heat resistant. (rF+) [Red
                  | Draconian growth]
  3250 | D:4      | Noticed Grinder
  3256 | D:4      | Killed Grinder
  3271 | D:4      | Noticed Edmund
  3441 | D:4      | Reached XP level 8. HP: 65/66 MP: 11/11
  3912 | D:5      | Entered Level 5 of the Dungeon
  3929 | D:5      | Found a stormy altar of Qazlal.
  3931 | D:5      | Found an ornate altar of the Wu Jian Council.
  4021 | D:5      | Reached skill level 5 in Invocations
  4176 | D:5      | Killed Edmund
  4237 | D:5      | Noticed Sigmund
  4253 | D:5      | Killed Sigmund
  4698 | D:5      | Found an opulent altar of Gozag.
  4954 | D:5      | Found a runed door.
  4958 | D:5      | Noticed Crazy Yiuf
  4964 | D:5      | Killed Crazy Yiuf
  5030 | D:6      | Found Iwnezou's Assorted Antiques.
  5042 | D:6      | Bought a scroll labeled KECUHE GOGURPHE for 23 gold pieces
  5042 | D:6      | Bought a fizzy grey potion for 20 gold pieces
  5042 | D:6      | Bought a scroll labeled MIASEW HIATUDGH for 23 gold pieces
  5042 | D:6      | Bought a runed cloak for 172 gold pieces
  5082 | D:6      | Reached **** piety under Lugonu
  5082 | D:6      | Reached skill level 5 in Fighting
  5119 | D:6      | Reached XP level 9. HP: 25/74 MP: 13/13
  5141 | D:6      | Noticed Blork the orc
  5208 | D:6      | Killed Blork the orc
  5350 | D:6      | Found a shadowy altar of Dithmenos.
  6169 | D:6      | Found a staircase to the Ecumenical Temple.
  6294 | D:7      | Noticed Harold
  6321 | D:7      | Killed Harold
  6321 | D:7      | Reached skill level 5 in Dodging
  6703 | D:7      | Found a shadowy altar of Dithmenos.
  6787 | D:7      | Noticed Menkaure
  6790 | D:7      | Killed Menkaure
  6935 | D:7      | Found an ancient bone altar of Kikubaaqudgha.
  7488 | D:7      | Reached XP level 10. HP: 73/84 MP: 16/16
  8291 | D:8      | Noticed Psyche
  8488 | D:8      | Cast into level 2 of the Abyss (Psyche)
  8489 | D:8      | Escaped the Abyss
  8493 | D:8      | Killed Psyche
  9102 | D:8      | Found a staircase to the Lair.
  9321 | D:8      | Found a glowing silver altar of Zin.
  9952 | D:9      | Found Jocsaqits's Book Emporium.
  9986 | D:9      | Found a glowing golden altar of the Shining One.
 10026 | D:9      | Found a white marble altar of Elyvilon.
 10148 | D:9      | Found Fomyju Ufino's Book Emporium.
 10162 | D:9      | Noticed a two-headed ogre
 10171 | D:9      | Banished a two-headed ogre
 10417 | D:10     | Entered Level 10 of the Dungeon
 10911 | D:10     | Reached skill level 10 in Invocations
 11196 | D:10     | Reached skill level 10 in Long Blades
 11502 | D:10     | Noticed Grum
 11516 | D:10     | Killed Grum
 11516 | D:10     | Reached XP level 11. HP: 75/92 MP: 18/18
 11561 | D:10     | Banished an unseen horror
 12416 | D:10     | You fall through a shaft for 2 floors!
 14114 | D:11     | Noticed a white ugly thing
 14116 | D:11     | Banished a white ugly thing
 14632 | D:12     | Banished an unseen horror
 14797 | D:12     | Noticed a cyan ugly thing
 14840 | D:12     | Killed a cyan ugly thing
 15045 | D:12     | Reached XP level 12. HP: 79/103 MP: 20/20
 15996 | D:12     | Found a staircase to the Orcish Mines.
 16122 | D:13     | Noticed a centaur warrior
 16124 | D:13     | Banished a centaur warrior
 16129 | D:13     | Noticed a two-headed ogre
 16163 | D:13     | Killed a two-headed ogre
 16403 | D:13     | Noticed Nessos
 16405 | D:13     | Banished Nessos
 16551 | D:13     | Found Podonat's Assorted Antiques.
 16556 | D:13     | Bought a gold wand for 84 gold pieces
 16556 | D:13     | Bought a yellow potion for 18 gold pieces
 16556 | D:13     | Bought a black potion for 18 gold pieces
 16556 | D:13     | Bought a yellow potion for 18 gold pieces
 16897 | D:14     | Noticed a seven-headed hydra
 16978 | D:14     | Banished a seven-headed hydra
 17504 | D:14     | Noticed a tengu warrior
 17528 | D:14     | Killed a tengu warrior
 18103 | D:14     | Noticed a rakshasa
 18124 | D:14     | Killed a rakshasa
 18424 | D:14     | Found a gate to the Vaults.
 18463 | D:15     | Entered Level 15 of the Dungeon
 18481 | D:15     | Reached skill level 10 in Fighting
 18639 | D:15     | Noticed Rupert
 18755 | D:15     | Reached XP level 13. HP: 88/113 MP: 22/22
 19087 | D:15     | Noticed an ettin
 19092 | D:15     | Banished an ettin
 19590 | D:15     | Slain by a two-headed ogre

Vault maps used:
D:1:      minmay_arrival_loop
D:2:      cheibrodos_old_hovel, overflow_temple_1_default, vehumet_crystals,
          chequers_ecumenical_altar_simple_redux
D:4:      first_ration, kennysheep_generic_room_5, uniq_pikel, uniq_edmund,
          uniq_grinder
D:5:      grunt_gozag_breadcrumbs, grunt_temple_overflow_open, uniq_sigmund,
          uniq_crazy_yiuf_cottage
D:6:      minmay_temple_entry_poolview, serial_shops, shop,
          grunt_dithmenos_smoke_and_mirrors, uniq_blork_the_orc
D:7:      lemuel_zombie_altar_kikubaaqudgha, old_standard_altar, uniq_menkaure,
          uniq_harold
D:8:      zin_treasury, erik_lair_dragon, uniq_psyche
D:9:      elyvilon_altar_4, nicolae_tso_besieged_by_evil, serial_shops, shop,
          shop
D:10:     uniq_grum
D:12:     hiddenorc1_lemuel
D:13:     serial_shops, nicolae_shop_crystal, uniq_nessos
D:14:     david_vaults_4, hangedman_decor_opposing
D:15:     hangedman_depths_entry_civil_slaughter, nicolae_lava_and_water,
          uniq_rupert
Abyss:2:  due_exit_kobolds

Skill      XL: |  1  2  3  4  5  6  7  8  9 10 11 12 13 |
---------------+----------------------------------------+-----
Dodging        | 2 3 4 5 6 7 8 |  8.9
Fighting       | 2 3 4 5 6 7 8 10 | 10.4
Invocations    | 1 2 4 6 8 10 11 13 | 13.8
Long Blades    | 4 5 7 8 10 11 12 13 | 13.3
Shields        | 2 3 4 |  4.0
Stealth        | |  1.0
Unarmed Combat | |  1.0
Evocations     | |  1.0

Action                   |  1- 3 |  4- 6 |  7- 9 | 10-12 | 13-15 || total
-------------------------+-------+-------+-------+-------+-------++-------
Melee: Falchion          |   124 |   168 |   492 |  1503 |    90 ||  2377
       Tailslap          |    11 |    25 |    82 |   270 |    22 ||   410
       Scimitar          |       |       |       |       |     8 ||     8
Invok: Bend Space        |       |     1 |       |       |       ||     1
       Banish            |       |       |       |    20 |     8 ||    28
       Depart the Abyss  |       |       |       |     1 |       ||     1
 Abil: Breathe Fire      |       |       |    14 |    23 |     6 ||    43
Evoke: Wand              |       |     5 |     4 |     5 |     1 ||    15
       Lightning rod     |       |       |       |     4 |     1 ||     5
  Use: Scroll            |       |     1 |    17 |     2 |       ||    20
       Potion            |       |     1 |       |     1 |     1 ||     3
 Stab: Sleeping          |     4 |     3 |     3 |     6 |       ||    16
       Distracted        |     1 |       |       |       |       ||     1
  Eat: Chunk             |     1 |     6 |    11 |    24 |       ||    42
       Ration            |       |       |     2 |     8 |     2 ||    12
Armor: Skin              |    42 |    55 |   127 |   368 |    28 ||   620
Dodge: Dodged            |    76 |   118 |   244 |   790 |    87 ||  1315
Block: Buckler           |    22 |    29 |    84 |   265 |    12 ||   412
       Rpst.: Falchion   |    30 |    35 |    81 |   218 |    16 ||   380
       Scimitar          |       |       |       |       |     2 ||     2

Table legend:
 A = Non-vault XP
 B = Vault XP
 C = Vault XP percentage of total XP
 D = Non-vault monster count
 E = Vault monster count
 F = Vault count percentage of total count
                 A         B        C        D         E       F
            +---------+---------+-------+---------+---------+-------
      Total |   38312 |   10304 |  21.2 |     374 |      57 |  13.2
            +---------+---------+-------+---------+---------+-------
        D:1 |      30 |       0 |   0.0 |      19 |       0 |   0.0
        D:2 |      94 |      13 |  12.1 |      20 |       1 |   4.8
        D:3 |     121 |     641 |  84.1 |      38 |       1 |   2.6
        D:4 |     244 |     328 |  57.3 |       9 |       3 |  25.0
        D:5 |     461 |     438 |  48.7 |      21 |       3 |  12.5
        D:6 |    1159 |      94 |   7.5 |      29 |       1 |   3.3
        D:7 |    1125 |    1163 |  50.8 |      22 |       3 |  12.0
        D:8 |     587 |    1501 |  71.9 |      21 |       8 |  27.6
        D:9 |    1094 |      46 |   4.0 |      18 |       8 |  30.8
       D:10 |    2561 |     429 |  14.3 |      31 |       3 |   8.8
       D:11 |    5195 |       0 |   0.0 |      49 |       0 |   0.0
       D:12 |    7522 |     263 |   3.4 |      44 |      17 |  27.9
       D:13 |    3572 |     630 |  15.0 |      16 |       1 |   5.9
       D:14 |    7001 |    2284 |  24.6 |      20 |       4 |  16.7
       D:15 |    7546 |    2474 |  24.7 |      17 |       4 |  19.0
            +---------+---------+-------+---------+---------+-------
